Map: Catalyst LE

Players

Truth

  • Race: Terran Terran
  • Spawn Location: 11:00

TheoRy - Winner!

  • Race: Protoss Protoss
  • Spawn Location: 5:00

Event: WCS Austin 2018

VOD

Have the link to the VOD?

Description

Time

  • Played on: June 1, 2018, 2:46 p.m.
  • Length: 15:45

All games in this series

Show
View Real Time Build Order
Export as new Build Order

Truth Terran 

Build Orders: Reaper Expand, MMM Bio 

Get SALT Encoding   

  12  0:02  SCV  
  13  0:14  SCV  
  13  0:17  Supply Depot  
  14  0:26  SCV  
  15  0:39  SCV  
  15  0:41  Barracks  
  16  0:45  Refinery  
  16  0:51  SCV  
  17  1:03  SCV  
  18  1:15  SCV  
  19  1:28  Orbital Command  
  19  1:29  Reaper  
  20  1:42  Command Center  
  20  1:51  Supply Depot  
  20  1:55  SCV  
  21  2:02  Barracks Tech Lab  
  21  2:07  SCV  
  22  2:20  Marauder, Concussive Shells  
  24  2:25  SCV  
  25  2:31  Barracks  
  25  2:33  Barracks  
  25  2:37  SCV  
  26  2:42  Marauder  
  28  2:56  Orbital Command, SCV  
  29  3:03  Engineering Bay  
  29  3:04  Marine  
  30  3:07  Stimpack  
  30  3:09  SCV  
  31  3:19  Barracks Reactor  
  31  3:21  SCV  
  31  3:25  SCV  
  33  3:29  Barracks  
  33  3:31  Barracks Reactor  
  33  3:32  Barracks  
  33  3:38  Missile Turret  
  33  3:39  SCV  
  33  3:40  SCV  
  35  3:42  Marine  
  36  3:52  SCV x2  
  36  3:54  Missile Turret  
  37  3:59  Marine, Supply Depot  
  37  4:00  Marine x2  
  40  4:04  SCV  
  40  4:05  SCV  
  40  4:08  Marine x2  
  44  4:16  SCV  
  44  4:17  Marine  
  45  4:18  Supply Depot  
  45  4:20  Terran Infantry Weapons Level 1, Marine x2  
  45  4:22  Marine  
  49  4:24  SCV  
  49  4:26  Marine x2  
  49  4:29  SCV  
  53  4:31  Marine  
  54  4:39  Marine, Supply Depot, SCV  
  54  4:41  Supply Depot, Marine x2  
  54  4:43  Marine  
  59  4:45  SCV  
  59  4:48  Marine  
  59  4:49  Marine  
  62  5:00  Marine x2, SCV x2  
  62  5:05  Marine  
  67  5:07  Marine  
  67  5:08  Marine x2  
  67  5:09  Marine  
  67  5:11  Combat Shields  
  71  5:17  SCV  
  71  5:18  Marauder  
  71  5:19  Supply Depot, Marine  
  72  5:25  SCV  
  72  5:28  Marine, Supply Depot  
  69  5:32  Marine x4  
  70  5:37  Marine  
  70  5:39  Marine  
  72  5:46  Marine  
  72  5:49  Marine  
  73  5:50  Marine x3  
  73  5:55  Marine  
  78  5:57  Marine  
  78  5:58  SCV x2  
  78  5:59  Command Center  
  81  6:04  Marine  
  81  6:07  Marine  
  81  6:09  Barracks Tech Lab x2  
  81  6:10  SCV x2, Factory  
  85  6:12  Refinery  
  85  6:14  Refinery, Marine  
  86  6:22  Marine x3, SCV x2  
  86  6:25  Marine  
  91  6:31  Supply Depot x2  
  91  6:32  Marauder  
  94  6:52  Marine x5, SCV x2  
  94  6:53  Marauder, Marine  
  94  6:54  Starport, Factory Reactor  
  103  7:04  SCV x2  
  104  7:10  Refinery, Marine x5  
  104  7:11  Marauder  
  104  7:13  Orbital Command  
  104  7:14  Marauder  
  113  7:16  SCV x2  
  113  7:17  Missile Turret  
  115  7:28  Marine x5  
  115  7:29  SCV  
  121  7:32  Marauder  
  121  7:35  Marine, SCV  
  125  7:39  Factory Reactor  
  125  7:42  Terran Infantry Armor Level 1  
  125  7:43  Medivac x2  
  129  7:44  Supply Depot, SCV  
  129  7:45  Supply Depot  
  129  7:48  SCV  
  129  7:49  Bunker  
  131  7:51  Marine  
  131  7:55  Marine  
  133  7:59  Supply Depot  
  133  8:01  Supply Depot x2  
  133  8:06  Marauder x3, Marine x2  
  133  8:09  Marine  
  142  8:13  Medivac x2  
  142  8:17  Widow Mine  
  142  8:18  SCV  
  149  8:21  Widow Mine, Marine, SCV  
  149  8:23  Supply Depot  
  149  8:26  Supply Depot  
  153  8:31  Marauder x3, Marine  
  153  8:32  Marine x2  
  162  8:36  Supply Depot  
  162  8:38  Marine  
  162  8:40  Widow Mine  
  165  8:43  Widow Mine  
  167  8:52  Marauder  
  167  8:53  Armory, Marine  
  167  8:54  Engineering Bay, Marauder  
  167  9:05  Liberator x2  
  167  9:09  Marauder, Marine  
  155  9:11  Marine  
  155  9:14  Marauder  
  153  9:21  Marauder, Marine  
  153  9:22  Widow Mine x2  
  126  9:41  Marauder, Marine  
  126  9:44  Marauder, Marine  
  106  9:47  Marauder, Marine x2  
  106  9:50  Widow Mine x2  
  106  9:51  SCV x3  
  112  9:54  Liberator  
  112  9:55  Barracks  
  112  9:57  Barracks x2, Terran Infantry Weapons Level 2  
  112  9:59  Marine  
  113  10:00  Terran Infantry Armor Level 2  
  113  10:02  Marine x2  
  113  10:04  Marine  
  113  10:05  Liberator  
  113  10:06  Marine x2  
  116  10:08  Marine  
  120  10:16  Refinery x2  
  120  10:17  Marine  
  120  10:19  Marine  
  120  10:20  Marine  
  123  10:22  Marine  
  123  10:24  Marine x2  
  123  10:26  Marine  
  123  10:27  Widow Mine x2  
  134  10:35  Marine  
  135  10:38  Marine  
  135  10:39  Marauder  
  135  10:40  Marine  
  135  10:41  Marine  
  135  10:42  Marine  
  141  10:43  Marine  
  141  10:47  Marine  
  141  10:48  Barracks Tech Lab x2  
  141  10:49  Widow Mine x2  
  147  10:56  Marine  
  148  11:00  Marauder x2  
  130  11:04  Marauder, Marine x2  
  130  11:11  Marauder, Marine  
  111  11:19  Marauder, Marine  
  111  11:23  Marauder  
  111  11:24  Marauder, Marine  
  111  11:25  Widow Mine x2  
  111  11:26  Marauder  
  111  11:27  Medivac x2  
  111  11:32  Marauder  
  119  11:35  Marine x2, Barracks Tech Lab  
  119  11:37  Marine  
  122  11:40  Marauder  
  122  11:41  Ghost Academy  
  122  11:43  Marine  
  122  11:45  Marauder x2  
  129  11:47  Marauder  
  129  11:53  Marine x2  
  129  11:54  Marauder, Marine  
  135  11:55  Marauder, Command Center  
  135  12:01  Marine  
  135  12:02  Marauder  
  135  12:04  Medivac x2  
  135  12:06  Marauder, Marine  
  145  12:14  Marine  
  150  12:16  Marine x2  
  154  12:24  Marauder  
  154  12:27  Ghost  
  154  12:28  Ghost x2  
  154  12:36  SCV x3  
  154  12:37  Marine x6  
  162  12:45  Marine  
  162  12:48  SCV  
  162  12:49  SCV x2  
  166  12:54  Marine  
  166  12:55  Marine x2  
  166  12:56  Marauder  
  171  13:00  SCV  
  171  13:02  Marauder, Marine x2  
  171  13:04  Ghost x2  
  180  13:15  Ghost  
  182  13:21  Personal Cloaking  
  182  13:34  Missile Turret  
  182  13:37  Refinery  
  182  13:39  Refinery  
  173  13:56  Marine  
  173  13:57  Marauder, Marine x2  
  173  13:58  Command Center  
  178  14:22  Marauder  
  180  14:27  Marauder x4  
  180  14:28  Marauder, Marine  
  184  14:53  Marauder, Marine  
  184  14:59  Marine  
  141  15:00  Marauder, Marine x2  
  123  15:10  Marauder, Marine x4  
  123  15:14  Marine  
  113  15:17  Marine  
  113  15:18  Marine x2  
  113  15:20  Marine  
  113  15:21  Widow Mine x2  
Show
View Real Time Build Order
Export as new Build Order

TheoRy Protoss - Winner!

Build Orders: 1 Gate Expand, Oracle Opening 

Get SALT Encoding   

  12  0:00  Probe  
  13  0:12  Probe  
  14  0:17  Pylon  
  14  0:24  Probe  
  15  0:32  Probe  
  15  0:38  Gateway  
  15  0:40  Probe  
  16  0:48  Assimilator  
  17  0:51  Probe  
  18  1:03  Probe  
  19  1:22  Nexus  
  19  1:25  Probe  
  20  1:35  Cybernetics Core  
  20  1:39  Probe  
  21  1:44  Assimilator  
  21  1:51  Probe  
  21  1:52  Pylon  
  22  2:02  Adept  
  22  2:06  Probe  
  23  2:14  Probe  
  26  2:23  Stargate, Probe  
  26  2:28  Adept  
  29  2:31  Probe  
  29  2:33  Probe  
  31  2:37  Warp Gate  
  31  2:39  Probe  
  32  2:45  Probe  
  32  2:48  Shield Battery  
  34  2:58  Probe  
  34  2:59  Oracle  
  34  3:01  Probe  
  35  3:07  Pylon  
  35  3:10  Probe  
  39  3:14  Probe  
  40  3:20  Gateway  
  40  3:23  Probe  
  41  3:27  Gateway  
  41  3:30  Oracle  
  41  3:35  Probe  
  45  3:41  Probe  
  46  3:48  Pylon  
  46  3:51  Stalker  
  46  3:52  Probe  
  46  3:53  Probe  
  50  4:01  Pylon  
  50  4:03  Assimilator  
  50  4:04  Probe  
  50  4:05  Pylon  
  51  4:19  Phoenix  
  51  4:20  Probe  
  54  4:25  Probe  
  54  4:27  Pylon  
  55  4:34  Probe  
  56  4:39  Stalker x3  
  56  4:40  Probe  
  56  4:44  Pylon  
  63  4:53  Probe  
  63  4:57  Robotics Facility  
  63  4:59  Twilight Council  
  64  5:07  Nexus  
  64  5:10  Shield Battery  
  64  5:12  Probe  
  64  5:13  Probe  
  66  5:18  Charge  
  66  5:34  Probe  
  67  5:35  Pylon  
  67  5:41  Gateway, Immortal  
  67  5:43  Sentry x2  
  67  5:44  Assimilator, Gateway  
  67  5:46  Gateway  
  67  5:47  Forge  
  71  5:54  Pylon  
  75  5:59  Pylon  
  75  6:11  Protoss Ground Armor Level 1, Pylon  
  75  6:15  Gateway  
  75  6:23  Zealot x3  
  85  6:25  Immortal  
  85  6:30  Gateway  
  85  6:36  Zealot  
  87  6:41  Gateway  
  87  6:46  Templar Archives  
  87  6:47  Zealot  
  87  6:50  Pylon  
  89  6:58  Probe  
  90  7:15  Nexus  
  90  7:16  Pylon  
  90  7:17  Pylon  
  90  7:19  Psionic Storm, Pylon  
  90  7:31  Probe  
  90  7:32  Probe  
  92  7:38  High Templar x2  
  92  7:39  High Templar  
  92  7:43  Probe  
  92  7:44  Probe  
  100  7:50  Pylon  
  100  7:54  Shield Battery  
  100  7:55  Probe  
  100  7:56  Probe  
  100  7:58  Photon Cannon  
  102  8:00  Shield Battery  
  102  8:01  Assimilator, Blink  
  102  8:04  Pylon  
  102  8:06  Assimilator  
  102  8:08  Probe x2  
  104  8:13  Immortal  
  108  8:20  High Templar  
  108  8:22  Protoss Ground Weapons Level 1  
  108  8:24  Photon Cannon  
  107  8:27  Probe  
  107  8:30  Probe  
  106  8:39  Probe  
  106  8:40  Zealot x2  
  111  8:46  Forge  
  111  8:48  Zealot  
  111  8:54  Zealot x2  
  117  9:02  Zealot x3  
  111  9:06  Probe  
  110  9:10  Zealot x2  
  110  9:12  Archon  
  110  9:13  High Templar  
  110  9:14  Archon, Zealot, High Templar  
  112  9:20  Zealot  
  112  9:21  Archon  
  112  9:23  Zealot x2  
  102  9:28  Zealot  
  102  9:29  Probe x2  
  102  9:31  High Templar x2  
  102  9:34  Probe  
  102  9:35  Zealot  
  102  9:38  Protoss Ground Armor Level 2  
  92  9:41  Archon  
  92  9:43  Zealot  
  82  9:46  Zealot x3  
  82  9:49  Observer  
  82  9:50  High Templar x2  
  93  9:56  High Templar  
  94  10:04  Zealot x3  
  100  10:07  High Templar  
  100  10:08  Immortal  
  100  10:12  High Templar  
  100  10:13  Zealot  
  110  10:22  Stalker  
  110  10:23  Stalker  
  114  10:37  Stalker x3  
  114  10:38  Stalker  
  114  10:42  Stalker, Zealot  
  124  10:47  Archon, Stalker  
  126  10:50  Stalker  
  126  10:54  Zealot  
  130  11:02  Archon  
  130  11:04  Zealot x2  
  116  11:07  Zealot x3, Probe  
  109  11:21  Probe  
  109  11:22  Zealot x4, Probe  
  109  11:26  Stalker  
  109  11:29  High Templar x3  
  113  11:37  Archon, High Templar  
  115  11:43  Stalker x3  
  119  12:04  Nexus  
  119  12:06  High Templar x3  
  119  12:07  Pylon  
  125  12:10  Pylon  
  124  12:15  Sentry  
  124  12:17  Zealot, High Templar  
  128  12:30  Stalker x3  
  128  12:33  Probe x3  
  137  12:39  Protoss Ground Armor Level 3  
  137  12:42  Shield Battery, Photon Cannon  
  137  12:43  High Templar  
  139  12:45  Probe  
  139  12:46  Photon Cannon  
  139  12:48  High Templar  
  142  13:00  Zealot, Pylon  
  142  13:04  High Templar  
  142  13:05  Stalker x2  
  148  13:07  Stalker  
  150  13:16  Probe  
  150  13:17  Probe  
  151  13:20  Assimilator, Probe  
  151  13:21  Probe  
  151  13:22  Pylon  
  151  13:23  Assimilator  
  151  13:25  Probe  
  154  13:31  Probe  
  154  13:32  Stalker  
  154  13:33  Stalker  
  157  13:41  High Templar x2  
  156  13:54  Immortal  
  156  13:55  High Templar  
  154  13:56  Zealot x6  
  170  14:06  Archon  
  168  14:17  Zealot x8  
  168  14:20  Probe x2  
  186  14:26  Immortal  
  186  14:29  Zealot  
  188  14:35  Zealot x2  
  196  14:45  Archon  
  196  14:47  Zealot x2  
  192  14:55  Zealot x5  
  192  14:56  Zealot x2, Warp Prism  
  170  15:01  Probe  
  170  15:05  Probe  
  160  15:11  High Templar x2  
  152  15:30  Zealot x5  
  152  15:31  Zealot  
Tags
 
Add a new tag
Caveats
  • Supply blocks, unpowered buildings, or Contaminate may cause inaccurate times.
  • Supply counts are checked every 10 seconds.